 Dungeon Crawl Stone Soup version 0.28.0-45-g0d030f2227 (webtiles) character file.

Game seed: 12569019100324851508

522 maxonian the Chopper (level 7, -3/59 HPs)
             Began as a Palentonga Warper on Apr 10, 2022.
             Was a Believer of Zin.
             Slain by an ogre
             ... wielding a +0 giant club
              (13 damage)
             ... on level 4 of the Dungeon.
             The game lasted 00:17:41 (3742 turns).

maxonian the Chopper (Palentonga Warper)            Turns: 3742, Time: 00:17:42

Health: -3/59      AC: 14    Str: 16    XL:     7   Next: 1%
Magic:  10/10      EV:  7    Int: 13    God:    Zin [**....]
Gold:   228        SH:  0    Dex: 10    Spells: 10/10 levels left

rFire   + . .      SeeInvis +   a - +0 hand axe
rCold   . . .      Faith    .   (no shield)
rNeg    . . .      Spirit   .   i - +0 scale mail
rPois   .          Reflect  .   (no helmet)
rElec   .          Harm     +   (no cloak)
rCorr   .          Rampage  .   B - +0 pair of gloves "Ucont" {-Tele Harm Will+ Regen+}
Will    ++...      NoTele   +   (no barding)
Stlth   ..........              (no amulet)
HPRegen 0.99/turn               m - ring of protection from fire
MPRegen 0.12/turn               u - ring of willpower

@: curled up
A: large, rugged brown scales 3, see invisible, deformed body, roll 1, armoured
tail, reflexive curl
a: Rolling Charge, Renounce Religion, Recite, Vitalisation, Donate Gold


You were on level 4 of the Dungeon.
You worshipped Zin.
Zin was pleased with you.
You visited 2 branches of the dungeon, and saw 6 of its levels.

You collected 253 gold pieces.
You donated 25 gold pieces to Zin.

Inventory:

Hand Weapons
 a - a +0 hand axe (weapon)
 b - a +0 hunting sling
   (You took it off a goblin on level 4 of the Dungeon)
 p - a +0 short sword of flaming
   (You took it off a kobold on level 2 of the Dungeon)
 A - a +1 flail of holy wrath
   (You took it off an orc on level 4 of the Dungeon)
Missiles
 d - 3 boomerangs of dispersal
 f - 4 boomerangs (quivered)
 g - 112 stones
 h - 101 arrows
 o - 6 poisoned darts
 y - 98 sling bullets
Armour
 i - a +0 scale mail (worn)
   (You found it on level 1 of the Dungeon)
 B - the +0 pair of gloves "Ucont" (worn) {-Tele Harm Will+ Regen+}
   (You found it on level 4 of the Dungeon)

   -Tele:     It prevents most forms of teleportation.
   Regen:     It increases your rate of health regeneration.
   Harm:      It increases damage dealt and taken.
   Will:      It increases your willpower.
Jewellery
 m - a ring of protection from fire (left hand)
   (You found it on level 1 of the Dungeon)
 s - a ring of ice
   (You found it on level 2 of the Dungeon)
 u - a ring of willpower (right hand)
   (You found it on level 2 of the Dungeon)
 w - a +6 ring of dexterity
   (You found it on level 2 of the Dungeon)
 z - a ring of positive energy
   (You found it on level 4 of the Dungeon)
Scrolls
 c - 2 scrolls of blinking
 l - a scroll of enchant armour {unknown}
 q - 4 scrolls of identify {unknown}
 r - 4 scrolls of teleportation {unknown}
 t - a scroll of amnesia {unknown}
 x - a scroll of noise {unknown}
Potions
 e - 2 potions of lignification {unknown}
 k - a potion of attraction {unknown}
 n - a potion of resistance {unknown}
 v - a potion of heal wounds {unknown}


   Skills:
 + Level 5.0 Fighting
 + Level 5.0 Axes
 - Level 0.7 Throwing
 - Level 0.8 Armour
 - Level 1.6 Dodging
 - Level 2.0 Spellcasting
 - Level 3.0 Translocations
 + Level 3.2 Invocations


You had 10 spell levels left.
You didn't know any spells.
Your spell library contained the following spells:

 Spells                   Type           Power      Damage    Failure   Level
 Blink                    Tloc           18%        N/A       38%         2
 Gell's Gravitas          Tloc           9%         N/A       63%         3
 Lesser Beckoning         Tloc           9%         N/A       63%         3
 Teleport Other           Tloc           9%         N/A       63%         3
 Manifold Assault         Tloc           9%         N/A       100%        5


Dungeon Overview and Level Annotations

Branches:
Dungeon (5/15)             Temple (1/1) D:4

Altars:
Ashenzari
Cheibriados
Dithmenos
Elyvilon
Fedhas
Gozag
Hepliaklqana
Kikubaaqudgha
Nemelex Xobeh
Ru
Sif Muna
Uskayaw
Vehumet
Wu Jian
Xom
Yredelemnul
Zin


Innate Abilities, Weirdness & Mutations

You are completely covered in rugged brown scales. (AC +3, +7% HP)
You have supernaturally acute eyesight. (SInv)
Armour fits poorly on your strangely shaped body.
You can roll at nearby foes to attack.
You have a long armoured tail.
You curl defensively after being hit. (AC +7*)


Message History

You closely miss the ogre.
The ogre is moderately wounded.
Unknown command.
You hit the ogre but do no damage. You tail-slap the ogre!
The ogre is almost dead.
The ogre hits you with a +0 giant club!!
Ouch! That really hurt!
* * * LOW HITPOINT WARNING * * *
Found a scroll of blinking.
You barely miss the ogre.
Your tail-slap misses the ogre.
The ogre is almost dead.
The ogre hits you with a +0 giant club!!
* * * LOW HITPOINT WARNING * * *
Unknown command.
You hit the ogre but do no damage.
The ogre is almost dead.
You barely miss the endoplasm. The ogre barely misses you.
The endoplasm freezes you.
You are frozen.
* * * LOW HITPOINT WARNING * * *
Unknown command.
Unknown command.
Press: ? - help, v - describe, . - travel
Here: an endoplasm The floor.
Unknown command.
It was a potion of curing.
You feel better. The endoplasm freezes you.
You are frozen.
* * * LOW HITPOINT WARNING * * *
The ogre hits you with a +0 giant club!!
Zin protects you from harm!
You feel better. The endoplasm freezes you.
You are frozen.
* * * LOW HITPOINT WARNING * * *
The ogre closely misses you.
You feel better.
The endoplasm hits you but does no damage.
You closely miss the ogre.
The ogre is almost dead.
You hit the endoplasm but do no damage. The ogre hits you with a +0 giant club!
* * * LOW HITPOINT WARNING * * *
The endoplasm freezes you.
You are frozen.
* * * LOW HITPOINT WARNING * * *
You hit the ogre.
Your tail-slap misses the ogre.
The ogre is almost dead.
You hit the endoplasm. The ogre hits you with a +0 giant club!
You die...

..####.#####.##.......##
.......#####>#.........####
...........#.#.............
.......................###
.......###.............####
.......<....................
........###.#..............(
............#....J.........(
................@O..........
)...........................
..........†.................
.......##.###...............
..##....................#..
..###.##..###...........?
..##....#..##............
.....##.##......)....##.
..#####..............#


You could see an ogre and an endoplasm.

Vanquished Creatures
  2 ogres
  A sky beast (D:4)
  A water moccasin skeleton (D:5)
  A centaur zombie (D:5)
  A jelly (D:5)
  A hound (D:4)
  4 adders
  An ufetubus (D:5)
  A worm (D:2)
  10 orcs
  8 ball pythons
  3 endoplasms
  3 giant cockroaches
  6 goblins
  6 hobgoblins
  3 jackals (D:3)
  3 bats
  5 frilled lizards
  12 kobolds
  6 rats
78 creatures vanquished.

Vanquished Creatures (others)
  A fungus (D:1)
  2 plants
3 creatures vanquished.

Grand Total: 81 creatures vanquished

Notes
Turn   | Place    | Note
-------+----------+-------------------------------------------
     0 | D:1      | maxonian the Palentonga Warper began the quest for the Orb.
     0 | D:1      | Reached XP level 1. HP: 17/17 MP: 3/3
   547 | D:1      | Reached XP level 2. HP: 23/23 MP: 5/5
   859 | D:1      | Found a faded altar of an unknown god.
  1051 | D:2      | Reached XP level 3. HP: 21/29 MP: 6/6
  1752 | D:3      | Reached XP level 4. HP: 36/37 MP: 7/7
  2461 | D:4      | Found a staircase to the Ecumenical Temple.
  2470 | Temple   | Entered the Ecumenical Temple
  2477 | Temple   | Became a worshipper of Zin the Law-Giver
  2477 | Temple   | Reached * piety under Zin
  2488 | D:4      | Noticed a sky beast
  2546 | D:4      | Reached XP level 5. HP: 44/44 MP: 8/8
  2579 | D:5      | Entered Level 5 of the Dungeon
  2679 | D:5      | Found an opulent altar of Gozag.
  2681 | D:5      | Found a broken altar of Ashenzari.
  2693 | D:5      | Reached ** piety under Zin
  2703 | D:5      | Reached skill level 1 in Invocations
  2844 | D:5      | Noticed an ogre
  3054 | D:5      | Noticed a phantom
  3078 | D:5      | Noticed an ogre
  3088 | D:5      | Killed an ogre
  3089 | D:5      | Reached XP level 6. HP: 26/52 MP: 9/9
  3618 | D:4      | Identified the +0 pair of gloves "Ucont" {-Tele Harm Will+
                  | Regen+}
  3679 | D:4      | Killed a sky beast
  3680 | D:4      | Reached skill level 5 in Fighting
  3680 | D:4      | Reached skill level 5 in Axes
  3680 | D:4      | Gained mutation: You curl defensively after being hit. (AC
                  | +7*) [Palentonga growth]
  3680 | D:4      | Reached XP level 7. HP: 31/59 MP: 10/10
  3737 | D:4      | HP: 1/59 [frozen (3)]
  3738 | D:4      | Zin protects you from harm!
  3742 | D:4      | Slain by an ogre

Illustrated notes

Levels and vault maps discovered:
D:1:      scummos_arrival_checkerplants, layout_basic,
          shapermc_ecumenical_altar_mp_ritualfount
D:2:      layout_basic, minmay_pentomino_r4
D:3:      layout_rooms
D:4:      corexii_shack_village, layout_rooms, minmay_temple_entry_junction_2
D:5:      wander_river, layout_rooms, jmf_multi_god_temple, uniq_pikel
Temple:   minmay_freezing_vapour_temple

Skill      XL: |  1  2  3  4  5  6 |
---------------+-------------------+-----
Fighting       | 3 4 5 |  5.0
Axes           | 3 4 5 |  5.0
Invocations    | 2 3 |  3.2
Throwing       | |  0.7
Armour         | |  0.8
Dodging        | |  1.6
Spellcasting   | |  2.0
Translocations | |  3.0

Action                   |  1- 3 |  4- 6 |  7- 9 || total
-------------------------+-------+-------+-------++-------
Melee: Hand axe          |    77 |   117 |     8 ||   202
       Tailslap          |    11 |    11 |     1 ||    23
       Punch             |       |     1 |       ||     1
 Fire: Hunting sling     |       |     3 |     3 ||     6
Throw: Boomerang         |    31 |    73 |       ||   104
Invok: Recite            |       |     3 |       ||     3
 Abil: Rolling Charge    |     1 |     1 |       ||     2
  Use: Potion            |       |       |     3 ||     3
Armor: Scale mail        |    34 |    61 |     1 ||    96
       Leather armour    |     2 |       |       ||     2
Dodge: Dodged            |    35 |    53 |     3 ||    91
